 Dungeon Crawl Stone Soup version 0.26-a0-812-g31a745ddcd (webtiles) character file.

Game seed: 9571866683474604449

275 Flubbersnuff the Chopper (level 6, 0/53 HPs)
             Began as a Draconian Berserker on Dec 4, 2020.
             Was a Priest of Trog.
             Succumbed to a worker ant's poison
             ... on level 5 of the Dungeon.
             The game lasted 00:14:25 (3959 turns).

Flubbersnuff the Chopper (Draconian Berserker)      Turns: 3959, Time: 00:14:26

Health: 0/53       AC:  9    Str: 22    XL:     6   Next: 3%
Magic:  15/15      EV: 12    Int:  7    God:    Trog [***...]
Gold:   119        SH:  5    Dex: 10    Spells: 5/5 levels left

rFire    . . .     SeeInvis .   a - +0 hand axe
rCold    . . .     Faith    .   c - +2 buckler
rNeg     . . .     Spirit   .   (armour unavailable)
rPois    .         Reflect  .   (helmet restricted)
rElec    .         Harm     .   g - scarf {+Inv}
rCorr    .         Rampage  .   (no gloves)
MR       .....                  h - +2 pair of boots
Stlth    +.........             o - amulet of regeneration
HPRegen  0.57/turn              (no ring)
MPRegen  0.14/turn              l - ring of magical power

@: lethally poisoned (0 -> -2)
A: unfitting armour, cold-blooded, AC +6
a: Berserk, Trog's Hand, Renounce Religion, Evoke Invisibility


You were on level 5 of the Dungeon.
You worshipped Trog.
Trog was most pleased with you.
You visited 1 branch of the dungeon, and saw 5 of its levels.

You collected 119 gold pieces.

Inventory:

Hand Weapons
 a - a +0 hand axe (weapon)
Missiles
 i - 6 poisoned darts (quivered)
Armour
 c - a +2 buckler (worn)
 g - a scarf of invisibility (worn)
 h - a +2 pair of boots (worn)
Jewellery
 l - a ring of magical power (right hand)
 o - an amulet of regeneration (around neck)
Scrolls
 j - a scroll of identify
 m - a scroll of fear {unknown}
 n - a scroll of enchant armour {unknown}
 p - a scroll of enchant weapon {unknown}
 s - a scroll of teleportation
Potions
 b - a potion of brilliance
 d - a potion of lignification {unknown}
 e - a potion of attraction {unknown}
 f - a potion of curing
 k - a potion of flight {unknown}
 q - a potion of ambrosia {unknown}
 r - a potion of haste {unknown}


   Skills:
 + Level 4.6 Fighting
 * Level 5.1 Axes
 + Level 3.8 Dodging
 + Level 0.7 Shields


You had 5 spell levels left.
You didn't know any spells.
Your spell library was empty.

Dungeon Overview and Level Annotations

Branches:
Dungeon (5/15)
 Temple: D:4-7

Altars:
Nemelex Xobeh
Okawaru
Ru
Trog


Innate Abilities, Weirdness & Mutations

Your plain brown scales are hard. (AC +6)
You cannot fit into any form of body armour.
You are cold-blooded and may be slowed by cold attacks.


Message History

You feel sick. The worker ant barely misses you.
You hit the worker ant.
The worker ant is moderately wounded.
You feel sick. The worker ant barely misses you.
You hit the worker ant.
The worker ant is heavily wounded.
You feel sick.
The worker ant bites you but does no damage.
You hit the worker ant but do no damage.
The worker ant is heavily wounded.
You feel sick. The worker ant barely misses you. The worker ant bites you.
* * * LOW HITPOINT WARNING * * *
You slash the worker ant!
You kill the worker ant!
Trog accepts your kill.
You have reached level 6!
Your experience leads to an increase in your attributes!
Increase (S)trength, (I)ntelligence, or (D)exterity?
You feel stronger.
Your scales feel tougher.
You die...

.......##
.........
#........
#........
#........
#........
#..?.....
#@.......
#........
#........
##.......
....)..
.......
.......
#...../


There were no monsters in sight!

Vanquished Creatures
  2 orc priests (D:3)
  A worker ant (D:5)
  7 adders
  4 gnolls
  2 oozes
  2 worms (D:2)
  A dart slug (D:1)
  A leopard gecko (D:2)
  5 orcs
  12 bats
  3 giant cockroaches
  3 goblins
  9 hobgoblins
  3 jackals (D:4)
  A quokka (D:2)
  3 ball pythons
  3 frilled lizards (D:2)
  A jackal skeleton (D:4)
  11 kobolds
  5 rats
79 creatures vanquished.

Notes
Turn   | Place    | Note
-------+----------+-------------------------------------------
     0 | D:1      | Flubbersnuff the Draconian Berserker began the quest for
                  | the Orb.
     0 | D:1      | Reached XP level 1. HP: 19/19 MP: 1/1
   218 | D:1      | Reached XP level 2. HP: 16/26 MP: 2/2
  1116 | D:2      | Reached XP level 3. HP: 28/33 MP: 3/3
  1428 | D:2      | Reached skill level 4 in Axes
  1443 | D:2      | Reached ** piety under Trog
  1443 | D:2      | Reached XP level 4. HP: 27/40 MP: 4/4
  2004 | D:2      | Found a sacrificial altar of Ru.
  2268 | D:2      | Found a bloodstained altar of Trog.
  2745 | D:3      | Reached XP level 5. HP: 46/46 MP: 5/5
  2989 | D:3      | Reached skill level 5 in Axes
  3127 | D:3      | Found a sparkling altar of Nemelex Xobeh.
  3275 | D:3      | Found a faded altar of an unknown god.
  3428 | D:3      | Found an iron altar of Okawaru.
  3704 | D:4      | Noticed a two-headed ogre
  3901 | D:4      | Noticed an ogre
  3949 | D:5      | Entered Level 5 of the Dungeon
  3958 | D:5      | HP: 1/47 [worker ant (4)]
  3959 | D:5      | Reached *** piety under Trog
  3959 | D:5      | Reached XP level 6. HP: 1/53 MP: 6/6
  3959 | D:5      | Succumbed to a worker ant's poison

Illustrated notes

Levels and vault maps discovered:
D:1:      dpeg_arrival_rhombus, layout_loops_ring, serial_rivers,
          chequers_serial_rivers_micro_b, chequers_serial_rivers_room_a,
          chequers_serial_rivers_micro_e, chequers_serial_rivers_marsh,
          chequers_serial_rivers_small_3
D:2:      layout_basic, nicolae_ru_path_of_blood, lemuel_coloured_pillars_altar,
          serial_aquarium, aquarium_bridge_square [aquarium_subvault_bridge,
          aquarium_subvault_bridge, aquarium_subvault_wall,
          aquarium_subvault_bridge], aquarium_window_3, aquarium_window_1,
          aquarium_window_1, aquarium_view_2f, aquarium_view_2e
D:3:      layout_loops_ring, nemelex_xobeh_ov_fountains_minmay,
          okawaru_altar_gauntlet_db, chequers_ecumenical_altar_simple_redux
D:4:      layout_basic, nicolae_tso_carved_into_rock,
          minmay_temple_entry_overgrown, ebering_ghost_sewer_d,
          grunt_ministairs_11
D:5:      layout_cave_pods, nicolae_qazlal_eye_of_the_storm,
          brannock_xom_greatest_gift

Skill      XL: |  1  2  3  4  5 |
---------------+----------------+-----
Dodging        | 3 |  3.8
Axes           | 4 5 |  5.1
Fighting       | 4 |  4.6
Shields        | |  0.7

Action                   |  1- 3 |  4- 6 || total
-------------------------+-------+-------++-------
Melee: Hand axe          |   111 |   186 ||   297
       Tailslap          |    10 |    17 ||    27
Throw: Dart              |       |     6 ||     6
  Use: Scroll            |       |     5 ||     5
       Potion            |       |     1 ||     1
Armor: Skin              |    39 |    59 ||    98
Dodge: Dodged            |    78 |   115 ||   193
Block: Buckler           |       |    27 ||    27

Table legend: (Time is in decaauts)
 A = Elapsed time spent in this place.
 B = Non-inter-level travel time spent in this place.
 C = Inter-level travel time spent in this place.
 D = Time resting spent in this place.
 E = Time spent auto-exploring this place.
 F = Levels seen in this place.
 G = Mean time per level.
                   A        B        C        D        E       F      G
               +--------+--------+--------+--------+--------+-----+--------+
         Total |   3994 |   3775 |    219 |   1079 |   1839 |   5 |  798.8 |
       Dungeon |   3994 |   3775 |    219 |   1079 |   1839 |   5 |  798.8 |
               +--------+--------+--------+--------+--------+-----+--------+

Top non-repeatable levels by time:
     D:2: 1732 daAuts
     D:1: 1094 daAuts
     D:3: 827 daAuts
     D:4: 329 daAuts
     D:5: 10 daAuts
